 Dungeon Sprint DCSS version 0.27-a0-394-g49c82dfaf2 (webtiles) character file.

Game seed: 8410924875482011601

8300000 hittemvvvvvhard the Axe Maniac (level 27, -2/224 HPs)
             Began as a Halfling Monk on Feb 21, 2021.
             Was the Champion of Makhleb.
             Slain by a bag of meat
             ... wielding a +9 war axe
              (30 damage)
             ... in the Dungeon (Sprint VIII: "Arena of Blood").
             The game lasted 00:02:41 (83 turns).

hittemvvvvvhard the Axe Maniac (Halfling Monk)        Turns: 83, Time: 00:02:42

Health: -2/224     AC:  4    Str: 12    XL:     27
Magic:  34/54      EV: 58    Int:  8    God:    Makhleb [******]
Gold:   0          SH:  0    Dex: 30    Spells: 80/80 levels left

rFire    . . .     SeeInvis .   h - +∞ Axe of Woe
rCold    . . .     Faith    .   (shield currently unavailable)
rNeg     . . .     Spirit   .   a - +0 robe
rPois    .         Reflect  .   (no helmet)
rElec    .         Harm     .   (no cloak)
rCorr    .         Rampage  .   (no gloves)
Will     ++...     NoTele   +   (no boots)
Stlth    ++++++++++             (no amulet)
HPRegen  0.47/turn              (no ring)
MPRegen  0.34/turn              (no ring)

@: slowed, very slow
A: small, mutation resistance 1
a: Renounce Religion, Minor Destruction, Lesser Servant of Makhleb, Major
Destruction, Greater Servant of Makhleb


You were in the Dungeon.
You worshipped Makhleb.
Makhleb was exalted by your worship.
You visited 1 branch

Inventory:

Hand Weapons
 h - the +∞ Axe of Woe (weapon)
   (You found it in the Dungeon)
Armour
 a - a +0 robe (worn)
Scrolls
 g - a scroll of blinking {!r}
Potions
 b - a potion of curing
 c - a potion of heal wounds
 d - a potion of haste
 e - 2 potions of magic
 f - a potion of berserk rage {!q}


   Skills:
 O Level 27 Fighting
 O Level 27 Short Blades
 O Level 27 Long Blades
 O Level 27 Axes
 O Level 27 Maces & Flails
 O Level 27 Polearms
 O Level 27 Staves
 O Level 27 Slings
 O Level 27 Bows
 O Level 27 Crossbows
 O Level 27 Throwing
 O Level 27 Armour
 O Level 27 Dodging
 O Level 27 Stealth
 O Level 27 Shields
 O Level 27 Unarmed Combat
 O Level 27 Spellcasting
 O Level 27 Conjurations
 O Level 27 Hexes
 O Level 27 Summonings
 O Level 27 Necromancy
 O Level 27 Translocations
 O Level 27 Transmutations
 O Level 27 Fire Magic
 O Level 27 Ice Magic
 O Level 27 Air Magic
 O Level 27 Earth Magic
 O Level 27 Poison Magic
 O Level 27 Invocations
 O Level 27 Evocations


You had 80 spell levels left.
You didn't know any spells.
Your spell library was empty.

Dungeon Overview and Level Annotations

Branches:
Dungeon (1/1)

Altars:
Makhleb


Innate Abilities, Weirdness & Mutations

You are small and have problems with some larger weapons.
You are somewhat resistant to further mutation.


Message History

Unknown command.
Health restored: 224 Unknown command.
Unknown command.
Unknown command.
You slash the accursed!
You dissect the accursed like a pig carcass.
You destroy the accursed!
You feel extremely nervous for a moment...
Your body is wracked with pain!
The meat beast appears out of thin air!
A meat beast comes into view.
The eight-headed meat hydra appears out of thin air!
An eight-headed meat hydra comes into view.
You hear a shout! x8
You take 110 damage, and have 114/224 hp.
GAME OVER YEAH!!
Unknown command.
Unknown command.
Unknown command.
Unknown command.
Unknown command.
Unknown command.
You hear a shout! x3
The dread calls on the powers of darkness!
Your body is wracked with pain!
* * * LOW HITPOINT WARNING * * *
The bag of meat convulses!
The eight-headed meat hydra convulses!
The eight-headed meat hydra roars!
You hear a shout! x2
The eight-headed meat hydra calls on the powers of darkness!
The eight-headed meat hydra convulses!
The bag of meat convulses! x2
Your body is wracked with pain!
* * * LOW HITPOINT WARNING * * *
You hear a shout! x4
Something hits you.
* * * LOW HITPOINT WARNING * * *
Deactivating autopickup; reactivate with Ctrl-A.
The bag of meat is engulfed in blazing flames.
The bag of meat hits you with a +9 war axe!!
You die...

..... ... #...
..# . #... ..# .
..###... ..###Mo
.....D.###.......
.......)_°.....§V
.....#o))))#.oO .
... #_o<)_# ... .
...#))@))#.....
....W.)_).......
......###.......
..###... ..###..
. #... ..# . #z..
O.# ..... ... ..
.... M...

Skill      XL: |  1  2  3  4  5  6  7  8  9 10 11 12 13 14 15 16 17 18 19 20 21 22 23 24 25 26 27 |
---------------+----------------------------------------------------------------------------------+-----
Axes           | 27 | 27.0
Fighting       | 10 20 25 27 | 27.0
Dodging        | 12 23 27 | 27.0
Armour         | 13 19 23 27 | 27.0
Stealth        | 14 20 25 27 | 27.0
Invocations    | 13 19 23 27 | 27.0
Short Blades   | 24 27 | 27.0
Long Blades    | 21 26 27 | 27.0
Maces & Flails | 16 20 25 26 27 | 27.0
Polearms       | 16 20 25 26 27 | 27.0
Unarmed Combat | 15 19 24 27 | 27.0
Spellcasting   | 13 17 22 27 | 27.0
Staves         | 6 27 | 27.0
Slings         | 11 27 | 27.0
Bows           | 9 27 | 27.0
Crossbows      | 9 27 | 27.0
Throwing       | 8 27 | 27.0
Shields        | 9 27 | 27.0
Conjurations   | 7 27 | 27.0
Hexes          | 6 27 | 27.0
Summonings     | 6 27 | 27.0
Necromancy     | 6 27 | 27.0
Translocations | 9 27 | 27.0
Transmutations | 5 27 | 27.0
Fire Magic     | 8 27 | 27.0
Ice Magic      | 8 27 | 27.0
Air Magic      | 8 27 | 27.0
Earth Magic    | 8 27 | 27.0
Poison Magic   | 8 27 | 27.0
Evocations     | 8 27 | 27.0

Notes
Turn   | Place    | Note
-------+----------+-------------------------------------------
     0 | D        | Found the +∞ Axe of Woe
     0 | D        | hittemvvvvvhard the Halfling Monk began the quest for the
                  | Orb.
     0 | D        | Reached XP level 1. HP: 15/15 MP: 1/1
     3 | D        | Became a worshipper of Makhleb the Destroyer
     3 | D        | Reached * piety under Makhleb
     3 | D        | Reached ** piety under Makhleb
     4 | D        | Noticed a bag of meat
     4 | D        | Noticed a meat berserker
     4 | D        | Noticed a bag of meat
     4 | D        | Noticed a bag of meat
     5 | D        | Noticed a meat berserker
     6 | D        | Noticed a meat berserker
     7 | D        | Killed a meat berserker
     7 | D        | Noticed a bag of meat
     8 | D        | Reached skill level 27 in Axes
     8 | D        | Reached skill level 10 in Fighting
     8 | D        | Reached skill level 12 in Dodging
     8 | D        | Reached XP level 2. HP: 32/32 MP: 2/2
     8 | D        | Reached XP level 3. HP: 37/37 MP: 3/3
     8 | D        | Reached XP level 4. HP: 43/43 MP: 4/4
     8 | D        | Reached XP level 5. HP: 48/48 MP: 5/5
     8 | D        | Reached XP level 6. HP: 54/54 MP: 6/6
     8 | D        | Reached XP level 7. HP: 60/60 MP: 7/7
     8 | D        | Reached XP level 8. HP: 65/65 MP: 8/8
     8 | D        | Reached XP level 9. HP: 71/71 MP: 9/9
     8 | D        | Reached XP level 10. HP: 77/77 MP: 10/10
     8 | D        | Reached XP level 11. HP: 82/82 MP: 11/11
     8 | D        | Reached XP level 12. HP: 88/88 MP: 12/12
     8 | D        | Reached XP level 13. HP: 93/93 MP: 13/13
     8 | D        | Noticed a bag of meat
     9 | D        | Noticed a bag of meat
     9 | D        | Noticed a bag of meat
    10 | D        | Killed a meat berserker
    10 | D        | Killed a meat berserker
    10 | D        | Reached *** piety under Makhleb
    10 | D        | Noticed a bag of meat
    10 | D        | Noticed a meat berserker
    11 | D        | Reached skill level 20 in Fighting
    11 | D        | Reached skill level 23 in Dodging
    11 | D        | Reached XP level 14. HP: 122/122 MP: 14/14
    11 | D        | Reached XP level 15. HP: 127/127 MP: 15/15
    11 | D        | Reached XP level 16. HP: 135/135 MP: 16/16
    12 | D        | Reached skill level 23 in Fighting
    12 | D        | Reached skill level 26 in Dodging
    13 | D        | Noticed a large bag of meat
    13 | D        | Reached **** piety under Makhleb
    14 | D        | Reached skill level 25 in Fighting
    14 | D        | Reached skill level 27 in Dodging
    14 | D        | Reached XP level 17. HP: 152/152 MP: 17/17
    16 | D        | Reached skill level 27 in Fighting
    16 | D        | Reached skill level 2 in Armour
    16 | D        | Reached skill level 3 in Stealth
    16 | D        | Reached skill level 2 in Invocations
    16 | D        | Killed a meat berserker
    17 | D        | Reached skill level 13 in Armour
    17 | D        | Reached skill level 14 in Stealth
    17 | D        | Reached skill level 13 in Invocations
    17 | D        | Reached XP level 18. HP: 163/163 MP: 17/28
    18 | D        | Reached skill level 15 in Armour
    18 | D        | Reached skill level 17 in Stealth
    18 | D        | Reached skill level 15 in Invocations
    18 | D        | Reached ***** piety under Makhleb
    19 | D        | Reached skill level 17 in Armour
    19 | D        | Reached skill level 19 in Stealth
    19 | D        | Reached skill level 17 in Invocations
    21 | D        | Reached skill level 19 in Armour
    21 | D        | Reached skill level 20 in Stealth
    21 | D        | Reached skill level 19 in Invocations
    21 | D        | Reached XP level 19. HP: 170/170 MP: 17/32
    21 | D        | Noticed a destroyer
    22 | D        | Reached skill level 20 in Armour
    22 | D        | Reached skill level 22 in Stealth
    22 | D        | Reached skill level 20 in Invocations
    22 | D        | Killed a large bag of meat
    22 | D        | Noticed a meat berserker
    22 | D        | Noticed a meat berserker
    23 | D        | Reached skill level 23 in Armour
    23 | D        | Reached skill level 25 in Stealth
    23 | D        | Reached skill level 23 in Invocations
    23 | D        | Reached XP level 20. HP: 135/177 MP: 18/35
    23 | D        | Noticed a meat berserker
    25 | D        | Reached skill level 24 in Armour
    25 | D        | Reached skill level 26 in Stealth
    25 | D        | Reached skill level 24 in Invocations
    25 | D        | Noticed a large bag of meat
    26 | D        | Reached skill level 25 in Armour
    26 | D        | Reached skill level 27 in Stealth
    26 | D        | Reached skill level 25 in Invocations
    26 | D        | Noticed a meat berserker
    27 | D        | Noticed a meat berserker
    27 | D        | Killed a meat berserker
    27 | D        | Killed a meat berserker
    27 | D        | Killed a meat berserker
    27 | D        | Reached ****** piety under Makhleb
    27 | D        | Noticed a destroyer
    28 | D        | Reached skill level 27 in Armour
    28 | D        | Reached skill level 27 in Invocations
    28 | D        | Reached skill level 24 in Short Blades
    28 | D        | Reached skill level 21 in Long Blades
    28 | D        | Reached XP level 21. HP: 183/183 MP: 19/38
    28 | D        | Killed a destroyer
    28 | D        | Noticed The Servant
    29 | D        | Reached skill level 27 in Short Blades
    29 | D        | Reached skill level 26 in Long Blades
    29 | D        | Reached XP level 22. HP: 190/190 MP: 19/39
    29 | D        | Noticed a destroyer
    29 | D        | Noticed a meat berserker
    30 | D        | Noticed a meat berserker
    30 | D        | Noticed a meat berserker
    31 | D        | Killed a destroyer
    31 | D        | Killed a destroyer
    32 | D        | Reached skill level 27 in Long Blades
    32 | D        | Reached skill level 16 in Maces & Flails
    32 | D        | Reached skill level 16 in Polearms
    32 | D        | Reached skill level 15 in Unarmed Combat
    32 | D        | Reached skill level 13 in Spellcasting
    32 | D        | Reached XP level 23. HP: 197/197 MP: 20/40
    32 | D        | Noticed a destroyer
    33 | D        | Noticed a destroyer
    34 | D        | Reached skill level 20 in Maces & Flails
    34 | D        | Reached skill level 20 in Polearms
    34 | D        | Reached skill level 19 in Unarmed Combat
    34 | D        | Reached skill level 17 in Spellcasting
    34 | D        | Reached XP level 24. HP: 204/204 MP: 20/44
    34 | D        | Noticed a destroyer
    36 | D        | Killed The Servant
    36 | D        | Killed a destroyer
    37 | D        | Reached skill level 25 in Maces & Flails
    37 | D        | Reached skill level 25 in Polearms
    37 | D        | Reached skill level 24 in Unarmed Combat
    37 | D        | Reached skill level 22 in Spellcasting
    37 | D        | Reached XP level 25. HP: 210/210 MP: 21/49
    39 | D        | Reached skill level 26 in Maces & Flails
    39 | D        | Reached skill level 26 in Polearms
    39 | D        | Reached XP level 26. HP: 217/217 MP: 21/49
    39 | D        | Killed a destroyer
    40 | D        | Reached skill level 27 in Maces & Flails
    40 | D        | Reached skill level 27 in Polearms
    40 | D        | Reached skill level 27 in Unarmed Combat
    40 | D        | Reached skill level 25 in Spellcasting
    41 | D        | Reached skill level 26 in Spellcasting
    41 | D        | HP: 45/217 [meat berserker/+9 battleaxe (46)]
    42 | D        | Killed a destroyer
    43 | D        | Reached skill level 27 in Spellcasting
    43 | D        | Reached skill level 6 in Staves
    43 | D        | Reached skill level 11 in Slings
    43 | D        | Reached skill level 9 in Bows
    43 | D        | Reached skill level 9 in Crossbows
    43 | D        | Reached skill level 8 in Throwing
    43 | D        | Reached skill level 9 in Shields
    43 | D        | Reached skill level 7 in Conjurations
    43 | D        | Reached skill level 6 in Hexes
    43 | D        | Reached skill level 6 in Summonings
    43 | D        | Reached skill level 6 in Necromancy
    43 | D        | Reached skill level 9 in Translocations
    43 | D        | Reached skill level 5 in Transmutations
    43 | D        | Reached skill level 8 in Fire Magic
    43 | D        | Reached skill level 8 in Ice Magic
    43 | D        | Reached skill level 8 in Air Magic
    43 | D        | Reached skill level 8 in Earth Magic
    43 | D        | Reached skill level 8 in Poison Magic
    43 | D        | Reached skill level 8 in Evocations
    43 | D        | Reached XP level 27. HP: 224/224 MP: 22/54
    44 | D        | Noticed an accursed
    46 | D        | Reached skill level 8 in Staves
    46 | D        | Reached skill level 14 in Slings
    46 | D        | Reached skill level 11 in Bows
    46 | D        | Reached skill level 11 in Crossbows
    46 | D        | Reached skill level 10 in Throwing
    46 | D        | Reached skill level 11 in Shields
    46 | D        | Reached skill level 8 in Conjurations
    46 | D        | Reached skill level 8 in Hexes
    46 | D        | Reached skill level 8 in Summonings
    46 | D        | Reached skill level 8 in Necromancy
    46 | D        | Reached skill level 11 in Translocations
    46 | D        | Reached skill level 7 in Transmutations
    46 | D        | Reached skill level 10 in Fire Magic
    46 | D        | Reached skill level 10 in Ice Magic
    46 | D        | Reached skill level 10 in Air Magic
    46 | D        | Reached skill level 10 in Earth Magic
    46 | D        | Reached skill level 10 in Poison Magic
    46 | D        | Reached skill level 10 in Evocations
    47 | D        | Killed an accursed
    47 | D        | Noticed a tyrant
    48 | D        | Reached skill level 10 in Staves
    48 | D        | Reached skill level 16 in Slings
    48 | D        | Reached skill level 13 in Bows
    48 | D        | Reached skill level 13 in Crossbows
    48 | D        | Reached skill level 12 in Throwing
    48 | D        | Reached skill level 13 in Shields
    48 | D        | Reached skill level 10 in Conjurations
    48 | D        | Reached skill level 10 in Hexes
    48 | D        | Reached skill level 10 in Summonings
    48 | D        | Reached skill level 10 in Necromancy
    48 | D        | Reached skill level 13 in Translocations
    48 | D        | Reached skill level 9 in Transmutations
    48 | D        | Reached skill level 12 in Fire Magic
    48 | D        | Reached skill level 12 in Ice Magic
    48 | D        | Reached skill level 12 in Air Magic
    48 | D        | Reached skill level 12 in Earth Magic
    48 | D        | Reached skill level 12 in Poison Magic
    48 | D        | Reached skill level 12 in Evocations
    49 | D        | Noticed an accursed
    49 | D        | Noticed a destroyer
    50 | D        | Reached skill level 12 in Staves
    50 | D        | Reached skill level 18 in Slings
    50 | D        | Reached skill level 15 in Bows
    50 | D        | Reached skill level 15 in Crossbows
    50 | D        | Reached skill level 14 in Throwing
    50 | D        | Reached skill level 14 in Shields
    50 | D        | Reached skill level 11 in Conjurations
    50 | D        | Reached skill level 12 in Hexes
    50 | D        | Reached skill level 12 in Summonings
    50 | D        | Reached skill level 11 in Necromancy
    50 | D        | Reached skill level 15 in Translocations
    50 | D        | Reached skill level 10 in Transmutations
    50 | D        | Reached skill level 14 in Fire Magic
    50 | D        | Reached skill level 14 in Ice Magic
    50 | D        | Reached skill level 13 in Air Magic
    50 | D        | Reached skill level 14 in Earth Magic
    50 | D        | Reached skill level 13 in Poison Magic
    50 | D        | Reached skill level 13 in Evocations
    50 | D        | Noticed a large bag of meat
    51 | D        | Noticed a tyrant
    52 | D        | Reached skill level 19 in Slings
    52 | D        | Reached skill level 15 in Shields
    52 | D        | Reached skill level 12 in Conjurations
    52 | D        | Reached skill level 12 in Necromancy
    52 | D        | Reached skill level 14 in Air Magic
    52 | D        | Reached skill level 14 in Poison Magic
    52 | D        | Reached skill level 14 in Evocations
    52 | D        | Killed a tyrant
    53 | D        | Reached skill level 13 in Staves
    53 | D        | Reached skill level 20 in Slings
    53 | D        | Reached skill level 16 in Bows
    53 | D        | Reached skill level 16 in Crossbows
    53 | D        | Reached skill level 15 in Throwing
    53 | D        | Reached skill level 16 in Shields
    53 | D        | Reached skill level 13 in Conjurations
    53 | D        | Reached skill level 13 in Hexes
    53 | D        | Reached skill level 13 in Summonings
    53 | D        | Reached skill level 13 in Necromancy
    53 | D        | Reached skill level 16 in Translocations
    53 | D        | Reached skill level 11 in Transmutations
    53 | D        | Reached skill level 15 in Fire Magic
    53 | D        | Reached skill level 15 in Ice Magic
    53 | D        | Reached skill level 15 in Air Magic
    53 | D        | Reached skill level 15 in Earth Magic
    53 | D        | Reached skill level 15 in Poison Magic
    53 | D        | Reached skill level 15 in Evocations
    54 | D        | Killed a tyrant
    54 | D        | Killed a large bag of meat
    54 | D        | Noticed an accursed
    55 | D        | Reached skill level 14 in Staves
    55 | D        | Reached skill level 23 in Slings
    55 | D        | Reached skill level 18 in Bows
    55 | D        | Reached skill level 18 in Crossbows
    55 | D        | Reached skill level 17 in Throwing
    55 | D        | Reached skill level 18 in Shields
    55 | D        | Reached skill level 14 in Conjurations
    55 | D        | Reached skill level 14 in Hexes
    55 | D        | Reached skill level 14 in Summonings
    55 | D        | Reached skill level 14 in Necromancy
    55 | D        | Reached skill level 18 in Translocations
    55 | D        | Reached skill level 12 in Transmutations
    55 | D        | Reached skill level 17 in Fire Magic
    55 | D        | Reached skill level 17 in Ice Magic
    55 | D        | Reached skill level 17 in Air Magic
    55 | D        | Reached skill level 17 in Earth Magic
    55 | D        | Reached skill level 17 in Poison Magic
    55 | D        | Reached skill level 17 in Evocations
    55 | D        | Noticed an accursed
    57 | D        | Reached skill level 15 in Staves
    57 | D        | Reached skill level 19 in Bows
    57 | D        | Reached skill level 19 in Crossbows
    57 | D        | Reached skill level 19 in Shields
    57 | D        | Reached skill level 15 in Conjurations
    57 | D        | Reached skill level 15 in Hexes
    57 | D        | Reached skill level 15 in Summonings
    57 | D        | Reached skill level 15 in Necromancy
    57 | D        | Reached skill level 19 in Translocations
    57 | D        | Reached skill level 13 in Transmutations
    58 | D        | Reached skill level 16 in Staves
    58 | D        | Reached skill level 25 in Slings
    58 | D        | Reached skill level 20 in Bows
    58 | D        | Reached skill level 20 in Crossbows
    58 | D        | Reached skill level 18 in Throwing
    58 | D        | Reached skill level 20 in Shields
    58 | D        | Reached skill level 16 in Conjurations
    58 | D        | Reached skill level 16 in Hexes
    58 | D        | Reached skill level 16 in Summonings
    58 | D        | Reached skill level 16 in Necromancy
    58 | D        | Reached skill level 20 in Translocations
    58 | D        | Reached skill level 14 in Transmutations
    58 | D        | Reached skill level 19 in Fire Magic
    58 | D        | Reached skill level 19 in Ice Magic
    58 | D        | Reached skill level 18 in Air Magic
    58 | D        | Reached skill level 19 in Earth Magic
    58 | D        | Reached skill level 19 in Poison Magic
    58 | D        | Reached skill level 19 in Evocations
    58 | D        | Noticed The Captor
    59 | D        | Killed a destroyer
    59 | D        | Noticed a destroyer
    60 | D        | Reached skill level 21 in Crossbows
    60 | D        | Reached skill level 19 in Throwing
    60 | D        | Reached skill level 21 in Shields
    60 | D        | Reached skill level 17 in Hexes
    60 | D        | Reached skill level 21 in Translocations
    60 | D        | Reached skill level 19 in Air Magic
    60 | D        | Noticed an accursed
    61 | D        | Reached skill level 17 in Staves
    61 | D        | Reached skill level 26 in Slings
    61 | D        | Reached skill level 21 in Bows
    61 | D        | Reached skill level 17 in Conjurations
    61 | D        | Reached skill level 17 in Summonings
    61 | D        | Reached skill level 17 in Necromancy
    61 | D        | Noticed a meat beast
    62 | D        | Killed a large bag of meat
    62 | D        | Killed a meat beast
    62 | D        | Noticed an accursed
    63 | D        | Reached skill level 18 in Staves
    63 | D        | Reached skill level 27 in Slings
    63 | D        | Reached skill level 23 in Bows
    63 | D        | Reached skill level 23 in Crossbows
    63 | D        | Reached skill level 21 in Throwing
    63 | D        | Reached skill level 23 in Shields
    63 | D        | Reached skill level 18 in Conjurations
    63 | D        | Reached skill level 19 in Hexes
    63 | D        | Reached skill level 18 in Summonings
    63 | D        | Reached skill level 19 in Necromancy
    63 | D        | Reached skill level 23 in Translocations
    63 | D        | Reached skill level 16 in Transmutations
    63 | D        | Reached skill level 21 in Fire Magic
    63 | D        | Reached skill level 21 in Ice Magic
    63 | D        | Reached skill level 21 in Air Magic
    63 | D        | Reached skill level 21 in Earth Magic
    63 | D        | Reached skill level 21 in Poison Magic
    63 | D        | Reached skill level 21 in Evocations
    64 | D        | Reached skill level 19 in Staves
    64 | D        | Reached skill level 24 in Bows
    64 | D        | Reached skill level 24 in Crossbows
    64 | D        | Reached skill level 22 in Throwing
    64 | D        | Reached skill level 24 in Shields
    64 | D        | Reached skill level 19 in Conjurations
    64 | D        | Reached skill level 19 in Summonings
    64 | D        | Reached skill level 24 in Translocations
    64 | D        | Reached skill level 17 in Transmutations
    64 | D        | Reached skill level 22 in Fire Magic
    64 | D        | Reached skill level 22 in Ice Magic
    64 | D        | Reached skill level 22 in Air Magic
    64 | D        | Reached skill level 22 in Earth Magic
    64 | D        | Reached skill level 22 in Poison Magic
    64 | D        | Reached skill level 22 in Evocations
    64 | D        | Noticed a meat beast
    65 | D        | Killed a meat beast
    66 | D        | Reached skill level 20 in Staves
    66 | D        | Reached skill level 25 in Bows
    66 | D        | Reached skill level 25 in Crossbows
    66 | D        | Reached skill level 23 in Throwing
    66 | D        | Reached skill level 25 in Shields
    66 | D        | Reached skill level 20 in Conjurations
    66 | D        | Reached skill level 20 in Hexes
    66 | D        | Reached skill level 20 in Summonings
    66 | D        | Reached skill level 20 in Necromancy
    66 | D        | Reached skill level 25 in Translocations
    66 | D        | Reached skill level 18 in Transmutations
    66 | D        | Reached skill level 24 in Fire Magic
    66 | D        | Reached skill level 24 in Ice Magic
    66 | D        | Reached skill level 24 in Air Magic
    66 | D        | Reached skill level 24 in Earth Magic
    66 | D        | Reached skill level 24 in Poison Magic
    66 | D        | Reached skill level 23 in Evocations
    66 | D        | Noticed a meat beast
    67 | D        | Reached skill level 21 in Staves
    67 | D        | Reached skill level 26 in Bows
    67 | D        | Reached skill level 26 in Crossbows
    67 | D        | Reached skill level 24 in Throwing
    67 | D        | Reached skill level 26 in Shields
    67 | D        | Reached skill level 21 in Conjurations
    67 | D        | Reached skill level 21 in Hexes
    67 | D        | Reached skill level 21 in Summonings
    67 | D        | Reached skill level 21 in Necromancy
    67 | D        | Reached skill level 26 in Translocations
    67 | D        | Reached skill level 24 in Evocations
    67 | D        | Noticed an accursed
    67 | D        | Noticed an accursed
    68 | D        | HP: 49/224 [meat berserker/+9 battleaxe (56)]
    69 | D        | Killed a meat beast
    70 | D        | Reached skill level 23 in Staves
    70 | D        | Reached skill level 27 in Bows
    70 | D        | Reached skill level 27 in Crossbows
    70 | D        | Reached skill level 26 in Throwing
    70 | D        | Reached skill level 27 in Shields
    70 | D        | Reached skill level 23 in Conjurations
    70 | D        | Reached skill level 23 in Hexes
    70 | D        | Reached skill level 23 in Summonings
    70 | D        | Reached skill level 23 in Necromancy
    70 | D        | Reached skill level 27 in Translocations
    70 | D        | Reached skill level 20 in Transmutations
    70 | D        | Reached skill level 26 in Fire Magic
    70 | D        | Reached skill level 26 in Ice Magic
    70 | D        | Reached skill level 26 in Air Magic
    70 | D        | Reached skill level 26 in Earth Magic
    70 | D        | Reached skill level 26 in Poison Magic
    70 | D        | Reached skill level 26 in Evocations
    70 | D        | Killed an accursed
    71 | D        | Reached skill level 24 in Staves
    71 | D        | Reached skill level 27 in Throwing
    71 | D        | Reached skill level 24 in Conjurations
    71 | D        | Reached skill level 24 in Hexes
    71 | D        | Reached skill level 24 in Summonings
    71 | D        | Reached skill level 24 in Necromancy
    71 | D        | Reached skill level 21 in Transmutations
    71 | D        | Reached skill level 27 in Fire Magic
    71 | D        | Reached skill level 27 in Ice Magic
    71 | D        | Reached skill level 27 in Air Magic
    71 | D        | Reached skill level 27 in Earth Magic
    71 | D        | Reached skill level 27 in Poison Magic
    71 | D        | Reached skill level 27 in Evocations
    72 | D        | Reached skill level 26 in Staves
    72 | D        | Reached skill level 26 in Conjurations
    72 | D        | Reached skill level 26 in Hexes
    72 | D        | Reached skill level 26 in Summonings
    72 | D        | Reached skill level 26 in Necromancy
    72 | D        | Reached skill level 22 in Transmutations
    73 | D        | Reached skill level 23 in Transmutations
    74 | D        | Reached skill level 27 in Staves
    74 | D        | Reached skill level 27 in Conjurations
    74 | D        | Reached skill level 27 in Hexes
    74 | D        | Reached skill level 27 in Summonings
    74 | D        | Reached skill level 27 in Necromancy
    74 | D        | Reached skill level 25 in Transmutations
    74 | D        | Killed The Captor
    75 | D        | Reached skill level 27 in Transmutations
    75 | D        | Killed an accursed
    76 | D        | Killed an accursed
    78 | D        | Killed an accursed
    79 | D        | Killed an accursed
    79 | D        | Killed an accursed
    79 | D        | Noticed a dread
    82 | D        | Killed an accursed
    83 | D        | Noticed a meat beast
    83 | D        | HP: 30/224 [??? (28)]
    83 | D        | Slain by a bag of meat

Table legend: (Time is in decaauts)
 A = Elapsed time spent in this place.
 B = Non-inter-level travel time spent in this place.
 C = Inter-level travel time spent in this place.
 D = Time resting spent in this place.
 E = Time spent auto-exploring this place.
 F = Levels seen in this place.
 G = Mean time per level.
                   A        B        C        D        E       F      G
               +--------+--------+--------+--------+--------+-----+--------+
         Total |     69 |     69 |      0 |      0 |      0 |   1 |   69.0 |
       Dungeon |     69 |     69 |      0 |      0 |      0 |   1 |   69.0 |
               +--------+--------+--------+--------+--------+-----+--------+

Top non-repeatable levels by time:
       D: 69 daAuts

Table legend:
 A = Kills in this place as a percentage of kills in entire the game.
 B = Kills by you in this place as a percentage of kills by you in the entire game.
 C = Kills by friends in this place as a percentage of kills by friends in the entire game.
 D = Other kills in this place as a percentage of other kills in the entire game.
 E = Experience gained in this place as a percentage of experience gained in the entire game.
 F = Experience gained in this place divided by the number of levels of this place that you have seen.
                   A       B       C       D       E      F
               +-------+-------+-------+-------+-------+----------------------
         Total | 100.0 | 100.0 |   N/A |   N/A | 100.0 | 3800288.0
       Dungeon | 100.0 | 100.0 |   N/A |   N/A | 100.0 | 3800288.0
               +-------+-------+-------+-------+-------+----------------------

Action                   |  1- 3 |  4- 6 |  7- 9 | 10-12 | 13-15 | 16-18 | 19-21 | 22-24 | 25-27 || total
-------------------------+-------+-------+-------+-------+-------+-------+-------+-------+-------++-------
Melee: Broad axe         |     1 |       |       |       |     1 |     7 |     6 |     3 |    34 ||    52
Invok: Greater Servant o |       |       |       |       |       |       |       |       |     1 ||     1
 Stab: Distracted        |       |       |       |       |       |       |       |       |     1 ||     1
Dodge: Dodged            |       |       |       |       |       |       |       |       |     2 ||     2

Vanquished Creatures
  Sigmund (D)
  3 hell beasts (D)
  8 royal mummies (D)
  Harold (D)
  7 vampire knights (D)
  26 ogres (D)
  3 two-headed ogres (D)
  2 liches (D)
  A hydra (D)
  41 orcs (D)
  8 skeletal warriors (D)
101 creatures vanquished. You could see an eight-headed meat hydra, a sculptor of flesh, a dread and 2 bags of meat.

Levels and vault maps discovered:
D:        meatsprint
